 Dungeon Crawl Stone Soup version 0.22-a0-423-g4197694 (webtiles) character file.

51 Veiltonx the Grave Robber (level 3, 0/26 HPs)
             Began as a Demonspawn Necromancer on May 23, 2018.
             Slain by an orc (3 damage)
             ... on level 2 of the Dungeon.
             The game lasted 00:03:24 (1036 turns).

Veiltonx the Grave Robber (Demonspawn Necromancer)  Turns: 1036, Time: 00:03:25

Health: 0/26       AC:  2    Str:  8    XL:     3   Next: 57%
Magic:  0/6        EV: 12    Int: 17    God:
Gold:   89         SH:  0    Dex: 13    Spells: 5/7 levels left

rFire    . . .     SeeInvis .   b - +1 hand axe (freeze)
rCold    . . .     Gourm    .   (no shield)
rNeg     . . .     Faith    .   a - +0 robe
rPois    .         Spirit   .   (helmet restricted)
rElec    .         Reflect  .   (no cloak)
rCorr    .         Harm     .   (no gloves)
MR       .....                  (no boots)
Stlth    ++........             (no amulet)
HPRegen  0.08/turn              (no ring)
MPRegen  0.10/turn              (no ring)

@: no status effects
A: horns 1, spiny 1
a: no special abilities


You were on level 2 of the Dungeon.
You were not hungry.

You visited 1 branch of the dungeon, and saw 2 of its levels.

You collected 89 gold pieces.

Inventory:

Hand Weapons
 b - a +1 hand axe of freezing (weapon)
Armour
 a - a +0 robe (worn)
Scrolls
 e - 3 scrolls of identify {unknown}
 g - a scroll of enchant armour {unknown}
Potions
 d - a potion of curing {unknown}
Comestibles
 c - 4 rations
 f - 2 chunks of flesh


   Skills:
 + Level 1.0 Fighting
 - Level 2.0 Dodging
 - Level 2.1 Stealth
 + Level 2.5 Spellcasting
 + Level 4.9 Necromancy


You had 5 spell levels left.
You knew the following spells:

 Your Spells              Type           Power        Failure   Level  Hunger
a - Pain                  Necr           ###.         2%          1    #......
b - Animate Skeleton      Necr           N/A          2%          1    #......

Your spell library contained the following spells:

 Spells                   Type           Power        Failure   Level  Hunger
 Animate Dead             Necr           N/A          24%         4    #####..
 Vampiric Draining        Necr           ###.......   7%          3    ###....
 Regeneration             Chrm/Necr      ##........   21%         3    ###....


Dungeon Overview and Level Annotations

Branches:
Dungeon (2/15)

Altars:


Innate Abilities, Weirdness & Mutations

You have a pair of small horns on your head.
You are partially covered in sharp spines.


Message History

Aim: an orc priest, wielding a short sword (heavily wounded, chance to defeat MR: 78%)
The orc priest writhes in agony!
The orc shouts!
Casting: Pain (safe; 2% risk of failure)
Confirm with . or Enter, or press ? or * to list all spells.
Aiming: Pain (safe; 2% risk of failure)
Press: ? - help, Shift-Dir - straight line, f/p - orc priest
Aim: an orc priest, wielding a short sword (heavily wounded, chance to defeat MR: 78%)
The orc priest writhes in agony!
Casting: Pain (safe; 2% risk of failure)
Confirm with . or Enter, or press ? or * to list all spells.
Aiming: Pain (safe; 2% risk of failure)
Press: ? - help, Shift-Dir - straight line, f/p - orc priest
Aim: an orc priest, wielding a short sword (almost dead, chance to defeat MR: 78%)
The orc priest barely resists.
The orc priest invokes the aid of Beogh against you.
Pain shoots through your body!
* * * LOW HITPOINT WARNING * * *
The orc priest misses you. The orc hits you.
You die...

#......# #.........##.[..
#......## ####............
#....#..# ####......##....
+....##.##...#......##....
#....##..#...#.....<######
#### #.......#.#..........
#..(....#.#..#.######
#.......#.#..#.#
#...@...#.......
#...oo..#.......+
#......##.......#
#.....)##.......#
#........ #.###..### #.
#..# . #...


You could see an orc priest and an orc.

Vanquished Creatures
  A gnoll (D:1)
  An adder (D:2)
  2 worms (D:2)
  A dart slug (D:1)
  An orc (D:2)
  2 giant cockroaches (D:1)
  3 goblins
  2 hobgoblins (D:1)
  A kobold (D:1)
  5 bats
  4 frilled lizards (D:1)
  5 rats (D:1)
28 creatures vanquished.

Notes
Turn   | Place    | Note
-------+----------+-------------------------------------------
     0 | D:1      | Veiltonx the Demonspawn Necromancer began the quest for the Orb.
     0 | D:1      | Reached XP level 1. HP: 13/13 MP: 3/3
   316 | D:1      | Gained mutation: You are partially covered in sharp spines. [demonic ancestry]
   316 | D:1      | Reached XP level 2. HP: 2/19 MP: 0/5
   322 | D:1      | Learned a level 1 spell: Animate Skeleton
   754 | D:1      | Gained mutation: You have a pair of small horns on your head. [demonic ancestry]
   754 | D:1      | Reached XP level 3. HP: 25/25 MP: 6/6
  1003 | D:2      | Reached skill level 1 in Fighting
  1036 | D:2      | Slain by an orc

Vault maps used:
D:1:      dpeg_arrival_rooms_a, minivault_25, serial_bayou_lagoon_b
D:2:      xom_butterflies, first_ration, grunt_ministairs_9, minmay_fountain_box

Skill      XL: |  1  2  3 |
---------------+----------+-----
Dodging        | 2 |  2.0
Stealth        | 2 |  2.1
Fighting       | 1 |  1.0
Spellcasting   | |  2.5
Necromancy     | |  4.9

Action                   || total
-------------------------++-------
Melee: Hand axe          ||    41
       Headbutt          ||     1
 Cast: Pain              ||    14
 Stab: Sleeping          ||     2
  Eat: Chunk             ||     1
Armor: Robe              ||     8
Dodge: Dodged            ||    33

Table legend:
 A = Spawn XP
 B = Non-spawn XP
 C = Spawn XP percentage of total XP
 D = Spawn monster count
 E = Non-spawn monster count
 F = Spawn count percentage of total count
 G = Total turns spent on level
                    A         B        C        D         E        F      G
               +---------+---------+-------+---------+---------+-------+---------
         Total |       0 |      73 |   0.0 |       0 |      28 |   0.0 |  1036
               +---------+---------+-------+---------+---------+-------+---------
           D:1 |       0 |      45 |   0.0 |       0 |      22 |   0.0 |   972
           D:2 |       0 |      28 |   0.0 |       0 |       6 |   0.0 |    64
               +---------+---------+-------+---------+---------+-------+---------
